 Dungeon Crawl Stone Soup version 0.31.0-11-ge490571c62 (webtiles) character file.

Game seed: 5848929009800382752

196252 hikkokomori the Peltast (level 19, -9/157 HPs)
             Began as a Formicid Fighter on Jan 31, 2024.
             Was the Champion of Okawaru.
             Killed by divine providence
             ... invoked by a meliai
              (12 damage)
             ... on level 4 of the Spider Nest on Feb 1, 2024.
             The game lasted 01:05:43 (34704 turns).

hikkokomori the Peltast (Formicid Fighter)         Turns: 34704, Time: 01:05:44

Health: -9/157     AC: 33    Str: 37      XL:     19   Next: 53%
Magic:  0/29       EV: 15    Int:  8 (9)  God:    Okawaru [******]
Gold:   1301       SH: 21    Dex: 12      Spells: 29/32 levels left

rFire   . . .        X - +9 executioner's axe (holy)
rCold   . . .        v - +0 tower shield
rNeg    + + .        T - +7 chain mail "Buschiang" {Rampage Will- Str+9 Dex-2}
rPois   +            (helmet unavailable)
rElec   .            I - scarf "Kighelous" {repulsion, rPois}
rCorr   +            N - +2 pair of gloves {Dex+3}
SInv    +            y - +0 pair of boots
Will    +++..        k - amulet of the Four Winds {rN+ Will+++ Clar}
Stlth   ++           E - +4 ring of protection
HPRegen 0.46/turn    c - ring "Eceashri" {rN+ rCorr AC+4 Dex-2}
MPRegen 0.21/turn

%: repel missiles, clarity, rampage
@: heroic, fugue, spiked, studying Invocations
A: permanent stasis, dig shafts and tunnels, antennae 3, four strong arms
a: Dig, Shaft Self, Renounce Religion, Heroism, Finesse, Duel


You were on level 4 of the Spider Nest.
You worshipped Okawaru.
Okawaru was exalted by your worship.
You visited 7 branches of the dungeon, and saw 29 of its levels.
You also visited: Bailey and Gauntlet.

You collected 2975 gold pieces.
You spent 1674 gold pieces at shops.

Inventory:

Hand Weapons
 q - a +2 broad axe of flaming
 F - a +2 heavy battleaxe
 U - the +9 dagger "Kimuamm" {heavy, rF+ rCorr Int+2}
   (You found it on level 1 of the Lair of Beasts)

   Int+2:     It affects your intelligence (+2).
   rF+:       It protects you from fire.
   rCorr:     It protects you from acid and corrosion.
 X - a +9 executioner's axe of holy wrath (weapon)
Missiles
 a - 11 curare-tipped darts
 b - 4 darts of dispersal
 m - 2 throwing nets
 n - 25 boomerangs
 o - 29 javelins (quivered)
 s - 5 atropa-tipped darts
 W - 8 silver javelins
Armour
 v - a +0 tower shield (worn)
 y - a +0 pair of boots (worn)
 I - the scarf "Kighelous" (worn) {repulsion, rPois}
   (Okawaru gifted it to you in a Gauntlet)

   rPois:     It protects you from poison
 N - a +2 pair of gloves of dexterity (worn)
 T - the +7 chain mail "Buschiang" (worn) {Rampage Will- Str+9 Dex-2}
   (You found it on level 10 of the Dungeon)

   Str+9:     It affects your strength (+9).
   Dex-2:     It affects your dexterity (-2).
   Will-:     It decreases your willpower.
   Rampage:   It bestows one free step when moving towards enemies.
Jewellery
 c - the ring "Eceashri" (right hand) {rN+ rCorr AC+4 Dex-2}
   (You found it in a Gauntlet)

   [ring of protection]

   AC+4:      It affects your AC (+4).
   Dex-2:     It affects your dexterity (-2).
   rN+:       It protects you from negative energy.
   rCorr:     It protects you from acid and corrosion.
 g - the ring "Udadghaypeur" {+Blink Will+}
   (You found it on level 4 of the Dungeon)

   [ring of willpower]

   Will+:     It increases your willpower.
   +Blink:    It lets you blink.
 k - the amulet of the Four Winds (around neck) {rN+ Will+++ Clar}
   (You bought it in a shop on level 2 of the Orcish Mines)

   [amulet of nothing]

   rN+:       It protects you from negative energy.
   Will+++:   It greatly increases your willpower.
   Clar:      It protects you from confusion, rage, mesmerisation and fear.
 r - a ring of fire
 z - a ring of flight
 E - a +4 ring of protection (left hand)
 P - a ring of ice
Wands
 l - a wand of mindburst (20)
 t - a wand of polymorph (17)
 u - a wand of iceblast (13)
 J - a wand of acid (9)
 S - a wand of flame (37)
Scrolls
 h - 5 scrolls of fog
 i - 3 scrolls of fear
 p - 8 scrolls of poison
 w - a scroll of immolation
 C - 3 scrolls of vulnerability
 K - 7 scrolls of identify
 M - a scroll of amnesia
 Q - 4 scrolls of enchant armour
 R - a scroll of revelation
 V - a scroll of enchant weapon
 Z - 2 scrolls of silence
Potions
 d - 6 potions of might
 e - 13 potions of curing
 f - 5 potions of enlightenment
 j - 6 potions of lignification
 x - 10 potions of heal wounds
 A - 2 potions of magic
 B - 3 potions of attraction
 D - 2 potions of resistance
 G - 7 potions of brilliance
 H - 6 potions of ambrosia
 L - 3 potions of cancellation
 O - 3 potions of mutation


   Skills:
 + Level 15.8(20.8) Fighting
 + Level 15.8(20.8) Axes
 + Level 9.7(14.7) Throwing
 - Level 9.9(14.9) Armour
 + Level 8.9(13.9) Dodging
 - Level 5.8(10.8) Stealth
 + Level 16.2(21.2) Shields
 - Level 7.1 Spellcasting
 - Level 10.2 Necromancy
 + Level 12.8 Invocations
 - Level 8.4 Evocations


You had 29 spell levels left.
You knew the following spells:

 Your Spells              Type           Power      Damage    Failure   Level
a - Fugue of the Fallen   Necr           19%        N/A       2%          3

Your spell library contained the following spells:

 Spells                   Type           Power      Damage    Failure   Level
 Kiss of Death            Conj/Necr      44%        2d8       8%          1
 Dispel Undead            Necr           19%        3d11      10%         4
 Foxfire                  Conj/Fire      8%         2x1d4     54%         1
 Freeze                   Ice            8%         1d3       54%         1
 Magic Dart               Conj           8%         1d3       54%         1
 Sting                    Conj/Alch      8%         1d3       54%         1
 Ensorcelled Hibernation  Hex/Ice        4%         N/A       69%         2
 Mercury Vapours          Alch/Air       4%         N/A       69%         2
 Searing Ray              Conj           4%         2d4       69%         2
 Confusing Touch          Hex            2%         N/A       89%         3
 Dazzling Flash           Conj/Hex       4%         N/A       89%         3
 Frozen Ramparts          Ice            4%         1d1       89%         3
 Hailstorm                Conj/Ice       2%         3d5       89%         3
 Mephitic Cloud           Conj/Alch/Air  2%         N/A       89%         3
 Ozocubu's Armour         Ice            2%         N/A       89%         3
 Passwall                 Erth           2%         N/A       89%         3
 Sigil of Binding         Hex            2%         N/A       89%         3
 Stone Arrow              Conj/Erth      4%         3d7       89%         3
 Dimensional Bullseye     Hex/Tloc       1%         N/A       100%        4
 Fulminant Prism          Conj/Alch      1%         3d5       100%        4
 Ignite Poison            Fire/Alch      2%         N/A       100%        4
 Manifold Assault         Tloc           2%         N/A       100%        4
 Olgreb's Toxic Radiance  Alch           2%         N/A       100%        4
 Passage of Golubria      Tloc           2%         N/A       100%        4
 Sticky Flame             Fire/Alch      2%         2d4       100%        4
 Arcjolt                  Conj/Air       1%         1d11      100%        5
 Fireball                 Conj/Fire      1%         3d3       100%        5
 Lee's Rapid Deconstruct  Erth           1%         3d4*      100%        5
 Silence                  Hex/Air        1%         N/A       100%        5
 Yara's Violent Unravell  Hex/Alch       1%         3d3       100%        5
 Conjure Ball Lightning   Conj/Air       1%         3x3d6     100%        6
 Dispersal                Tloc           1%         N/A       100%        6
 Plasma Beam              Fire/Air       1%         2x1d11    100%        6
 Discord                  Hex            1%         N/A       100%        8
 Disjunction              Tloc           1%         N/A       100%        8
 Ignition                 Fire           1%         3d3       100%        8
 Lehudib's Crystal Spear  Conj/Erth      1%         10d2      100%        8
 Call Canine Familiar     Summ           Unusable   N/A       N/A         3
 Swiftness                Air            Unusable   N/A       N/A         3
 Tukima's Dance           Hex            Unusable   N/A       N/A         3
 Animate Armour           Summ/Erth      Unusable   N/A       N/A         4
 Summon Lightning Spire   Summ/Air       Unusable   N/A       N/A         4
 Vhi's Electric Charge    Tloc/Air       Unusable   N/A       N/A         4

Dungeon Overview and Level Annotations

Branches:
Dungeon (15/15)            Temple (1/1) D:5            Lair (5/5) D:9
  Swamp (1/4) Lair:2       Spider (4/4) Lair:2        Slime (0/5) Lair:4
    Orc (2/2) D:9             Elf (1/3) Orc:2        Vaults (0/5) D:14
 Depths (0/4) D:15         Bailey (visited)         Gauntlet (visited)

Altars:
Ashenzari
Cheibriados
Dithmenos
Elyvilon
Fedhas
Gozag
Hepliaklqana
Kikubaaqudgha
Makhleb
Nemelex Xobeh
Okawaru
Qazlal
Ru
Sif Muna
Trog
Uskayaw
Vehumet
Wu Jian
Xom
Yredelemnul
Zin
The Shining One

Shops:
D:7 *   D:8 (   Orc:2 [(=*

Annotations:
D:12 3 runed translucent doors, cdecastro's ghost, journeyman DEFE


Innate Abilities, Weirdness & Mutations

You cannot be hasted, slowed, berserked, paralysed or teleported.
You can dig through walls and to a lower floor.
You have a pair of large antennae on your head. (SInv)
Your four strong arms can wield two-handed weapons with a shield.


Message History

You slash the wolf spider! You block the meliai's attack.
The meliai stings you.
* * * LOW HITPOINT WARNING * * *
You block the wolf spider's attack. x2
The steelbarb worm hits you but does no damage.
The broodmother summons spiders!
You block the meliai's attack.
The meliai stings you but does no damage.
The entropy weaver points at you and mumbles some strange words.
The ghost moth stares at you.
The ghost moth hits you but does no damage. x2
The ghost moth stings you but does no damage.
The wolf spider barely misses you. The wolf spider misses you.
Unknown command.
Unknown command.
Unknown command.
Unknown command.
Unknown command.
Okay, then.
You feel much better.
The meliai calls down the wrath of its god upon you.
Something smites you!
* * * LOW HITPOINT WARNING * * *
The meliai misses you.
The meliai stings you but does no damage.
The steelbarb worm hits you!
* * * LOW HITPOINT WARNING * * *
Barbed spikes become lodged in your body.
You block the broodmother's attack.
The wolf spider hits you but does no damage.
The wolf spider closely misses you. The culicivora bites you!
* * * LOW HITPOINT WARNING * * *
The culicivora draws strength from your injuries!
You block the meliai's attack. x2; You block the ghost moth's attack.
The ghost moth hits you!
* * * LOW HITPOINT WARNING * * *
You feel dopey.
The ghost moth stings you but does no damage.
The meliai calls down the wrath of its god upon you.
Something smites you!
You die... #... ..φ# #... ,..[# +...###..!# #[...#.^.!# #^..ss...!#### #.ssysB^#

.~# .. #ssswsB.#..^# ....
...###y@y###...# ...# .
#~...##s##.†..^# ... .^
#^.............## ..##.
##.............~# ....
.......^.......^# ..##
##..^..#.#......^# ...#
#....###.###.....# ...###
#...~##...##^..###
....^#.#....^##.....##..~#


You could see 2 broodmothers, a ghost moth (invisible), 2 entropy weavers, a
steelbarb worm, 3 wolf spiders, an orb spider (summoned), 3 culicivoras, a
redback (summoned) and 2 meliai.

Vanquished Creatures
  Arachne (Spider:4)
  Rupert (D:13)
  Mlioglotl (Spider:1)
  A deep elf master archer (Elf:1)
  Roxanne (Spider:3)
  4 ghost moths
  3 emperor scorpions
  4 broodmothers
  A stone giant (Orc:2)
  A deep elf annihilator (Elf:1)
  A minotaur (Gauntlet)
  2 spark wasps
  2 dire elephants (Spider:1)
  Snorg (D:10)
  A fire dragon (D:14)
  A green death (Gauntlet)
  4 entropy weavers
  Harold (D:9)
  Erolcha (D:12)
  Fannar (Lair:2)
  2 rakshasas (D:15)
  11 hydras
  4 catoblepae
  2 jorogumos (Spider:2)
  5 radroaches
  An alligator (Lair:2)
  12 centaur warriors
  8 two-headed ogres
  An ogre mage (D:14)
  12 death yaks
  12 boulder beetles
  3 dancing weapons (Elf:1)
  Urug (D:14)
  2 tengu warriors
  A deep troll shaman (Lair:5)
  9 demonic crawlers
  An orc high priest (Orc:2)
  Sonja (D:11)
  A skyshark (Lair:5)
  2 deep elf knights
  Amaemon (Lair:2)
  7 pharaoh ants
  A skeletal warrior (D:12)
  2 sixfirhies (Gauntlet)
  A sun moth (Spider:3)
  7 deep elf archers
  10 orb spiders
  Pikel (D:7)
  A necromancer (D:15)
  3 steelbarb worms
  A harpy (shapeshifter) (D:13)
  An oklob plant (Gauntlet)
  4 manticores
  8 orc knights (Orc:2)
  5 orc sorcerers
  14 deep elf pyromancers
  9 deep elf zephyrmancers (Elf:1)
  8 cyclopes
  13 ugly things
  17 wolf spiders
  3 meliai (Spider:4)
  13 elephants
  A moth of wrath (Spider:4)
  10 black mambas
  2 orange demons
  7 torpor snails
  2 centaur zombies (D:15)
  7 gargoyles
  Jeremiah (D:7)
  2 unseen horrors (D:12)
  2 rime drakes (Lair:3)
  An efreet (D:13)
  A rime drake (shapeshifter) (Elf:1)
  8 komodo dragons
  4 kobold demonologists
  11 cane toads
  A tengu conjurer (D:15)
  A queen bee (Lair:1)
  A polar bear (shapeshifter) (D:13)
  7 saltlings (Orc:2)
  24 tarantellas
  5 polar bears
  13 hornets
  Grinder (D:4)
  7 trolls
  34 blink frogs
  A meliai zombie (D:15)
  26 dream sheep
  3 shadows
  28 culicivoras
  A spriggan (Lair:4)
  37 jumping spiders
  A water elemental (Elf:1)
  3 wraiths
  A warg (Orc:1)
  A slime creature (D:12)
  31 yaks
  4 wyverns
  A fire bat (D:4)
  3 basilisks
  16 humans (D:14)
  51 redbacks
  5 vampire mosquitoes
  A redback simulacrum (D:15)
  Duvessa (D:4)
  14 water moccasins
  3 acid dragons
  A hell hound (Spider:1)
  An ice beast (D:8)
  2 sky beasts
  A swamp drake (Lair:2)
  24 orc warriors
  3 laughing skulls
  8 black bears
  8 ogres
  10 wolves
  12 centaurs
  5 kobold brigands
  13 bullfrogs
  2 scorpions (D:9)
  2 gnoll sergeants
  An earth elemental (Elf:1)
  10 wights
  29 killer bees
  4 howler monkeys
  An electric eel (Lair:5)
  A bombardier beetle (D:7)
  4 hounds
  12 orc priests
  A jelly (D:5)
  A sleepcap (D:7)
  An iguana (D:6)
  14 orc wizards
  Robin (D:3)
  7 adders
  5 gnolls
  2 shadow imps
  2 white imps
  2 dart slugs
  6 ribbon worms
  101 orcs
  6 endoplasms
  2 giant cockroaches (D:4)
  4 hobgoblins
  2 jackals (D:2)
  7 quokkas
  3 ball pythons
  5 bats
  3 frilled lizards
  13 goblins
  16 kobolds
  5 rats
1002 creatures vanquished.

Vanquished Creatures (others)
  An occultist (D:15)
  A tarantella (Spider:4)
2 creatures vanquished.

Grand Total: 1004 creatures vanquished

Notes
Turn   | Place    | Note
-------+----------+-------------------------------------------
     0 | D:1      | hikkokomori the Formicid Fighter began the quest for the
                  | Orb.
     0 | D:1      | Reached XP level 1. HP: 18/18 MP: 1/1
   267 | D:1      | Reached XP level 2. HP: 24/24 MP: 2/2
   899 | D:2      | Found a faded altar of an unknown god.
   906 | D:2      | Reached XP level 3. HP: 30/30 MP: 3/3
  1143 | D:2      | Reached XP level 4. HP: 36/37 MP: 4/4
  1477 | D:2      | Found a basalt altar of Yredelemnul.
  1866 | D:3      | Reached skill level 5 in Shields
  1874 | D:3      | Found a glowing silver altar of Zin.
  1881 | D:3      | Found an ancient bone altar of Kikubaaqudgha.
  1882 | D:3      | Found a basalt altar of Yredelemnul.
  2180 | D:3      | Noticed Robin
  2306 | D:3      | Killed Robin
  2307 | D:3      | Reached XP level 5. HP: 42/42 MP: 5/5
  2452 | D:4      | Noticed Grinder
  2469 | D:3      | Reached skill level 1 in Throwing
  2535 | D:4      | Killed Grinder
  2536 | D:4      | Reached XP level 6. HP: 45/50 MP: 6/6
  2541 | D:4      | Reached skill level 5 in Fighting
  2552 | D:4      | Identified the +4 robe of the Morning {*Slow rPois Int+8
                  | Dex+3}
  2626 | D:4      | Identified the ring "Udadghaypeur" {+Blink Will+}
  2707 | D:4      | Noticed an ogre
  2712 | D:4      | Killed an ogre
  2713 | D:4      | Reached skill level 5 in Armour
  2713 | D:4      | Reached XP level 7. HP: 56/56 MP: 7/7
  3128 | D:5      | Entered Level 5 of the Dungeon
  3128 | D:5      | Noticed Duvessa
  3130 | D:5      | Noticed Dowan
  3134 | D:5      | Dowan changed into Dowan the fire bat
  3134 | D:5      | Noticed Dowan
  3173 | D:4      | You fall into a shaft and drop 3 floors!
  3173 | D:7      | Found a hazy altar of Hepliaklqana.
  3291 | D:7      | Noticed Pikel
  3291 | D:7      | Noticed a wyvern
  3301 | D:7      | Killed Pikel
  3302 | D:7      | Reached XP level 8. HP: 28/64 MP: 8/8
  3306 | D:7      | Killed a wyvern
  3601 | D:7      | Found Dyileegg's Hallowed Reliquary.
  3605 | D:7      | Noticed an angel
  3609 | D:7      | Bought a potion of curing for 33 gold pieces
  3609 | D:7      | Bought a potion of heal wounds for 55 gold pieces
  3639 | D:7      | Noticed a hornet
  3644 | D:7      | Killed a hornet
  3645 | D:7      | Reached skill level 5 in Axes
  3913 | D:7      | Reached XP level 9. HP: 65/71 MP: 9/9
  4128 | D:6      | Reached skill level 5 in Stealth
  4342 | D:5      | Reached skill level 5 in Throwing
  4530 | D:5      | Found a staircase to the Ecumenical Temple.
  4790 | Temple   | Entered the Ecumenical Temple
  4802 | Temple   | Became a worshipper of Warmaster Okawaru
  5380 | D:7      | Reached skill level 1 in Invocations
  5406 | D:7      | Reached skill level 1 in Evocations
  5408 | D:7      | Noticed Jeremiah
  5415 | D:7      | Killed Jeremiah
  5416 | D:7      | Reached skill level 1 in Dodging
  5710 | D:4      | Killed Duvessa
  5710 | D:4      | Reached * piety under Okawaru
  5710 | D:4      | Killed Dowan the fire bat
  5771 | D:8      | Found Dikeud's Antique Weapon Shoppe.
  5800 | D:8      | Reached XP level 10. HP: 70/80 MP: 10/12
  6000 | D:8      | Reached ** piety under Okawaru
  6162 | D:8      | Found a shadowy altar of Dithmenos.
  6512 | D:9      | Noticed an elephant
  6538 | D:9      | Killed an elephant
  6567 | D:9      | Found a broken altar of Ashenzari.
  6759 | D:9      | Found an opulent altar of Gozag.
  6759 | D:9      | Noticed Harold
  6766 | D:9      | Killed Harold
  6884 | D:9      | Reached skill level 5 in Invocations
  7097 | D:9      | Reached *** piety under Okawaru
  7250 | D:9      | Reached XP level 11. HP: 57/89 MP: 13/15
  7551 | D:9      | Found a staircase to the Orcish Mines.
  7571 | D:9      | Found a staircase to the Lair.
  7571 | D:9      | Noticed an elephant
  7583 | D:9      | Killed an elephant
  7584 | D:9      | Reached skill level 5 in Evocations
  7592 | D:9      | Learned a level 3 spell: Fugue of the Fallen
  8064 | D:10     | Entered Level 10 of the Dungeon
  8105 | D:10     | HP: 4/89 [gargoyle/stone arrow (13)]
  8110 | D:10     | Reached skill level 1 in Spellcasting
  8110 | D:10     | Reached skill level 1 in Necromancy
  8128 | D:10     | Found a burning altar of Makhleb.
  8129 | D:10     | Noticed a green death
  8187 | D:10     | Noticed a boulder beetle
  8198 | D:10     | Killed a boulder beetle
  8386 | D:10     | Found a flagged portal.
  8477 | Bailey   | Entered a bailey
  8778 | D:10     | Noticed a manticore
  8803 | D:10     | Killed a manticore
  8804 | D:10     | Reached skill level 10 in Fighting
  8996 | D:10     | Found a sacrificial altar of Ru.
  9048 | D:10     | Noticed Snorg
  9063 | D:10     | Killed Snorg
  9063 | D:10     | Reached **** piety under Okawaru
  9334 | D:10     | Found a sparkling altar of Nemelex Xobeh.
  9422 | D:10     | Found a hide-covered altar of Uskayaw.
  9422 | D:10     | Found a shimmering altar of Xom.
  9545 | D:10     | Identified the +7 chain mail "Buschiang" {Rampage Will-
                  | Str+9 Dex-2}
  9705 | D:7      | Bought a potion of heal wounds for 55 gold pieces
  9705 | D:7      | Bought a potion of heal wounds for 55 gold pieces
  9705 | D:7      | Bought 3 silver javelins for 297 gold pieces
  9705 | D:7      | Bought a +2 executioner's axe of holy wrath for 330 gold
                  | pieces
  9741 | D:11     | Noticed a two-headed ogre
  9751 | D:11     | Killed a two-headed ogre
  9822 | Lair:1   | Entered Level 1 of the Lair of Beasts
  9822 | Lair:1   | Noticed a boulder beetle
  9831 | Lair:1   | Reached XP level 12. HP: 84/97 MP: 18/18
  9836 | Lair:1   | Killed a boulder beetle
 10019 | Lair:1   | Identified the +9 dagger "Kimuamm" {heavy, rF+ rCorr Int+2}
 10178 | Lair:1   | Reached ***** piety under Okawaru
 10334 | Lair:1   | Reached skill level 5 in Spellcasting
 10621 | Lair:1   | Received a gift from Okawaru
 10812 | Lair:1   | Noticed a catoblepas
 10834 | Lair:1   | Killed a catoblepas
 11373 | Lair:2   | Noticed Amaemon
 11417 | Lair:2   | Reached XP level 13. HP: 61/106 MP: 20/22
 11441 | Lair:2   | Killed Amaemon
 11441 | Lair:2   | Received a gift from Okawaru
 11442 | Lair:2   | Reached skill level 10 in Axes
 11452 | Lair:2   | Noticed Fannar
 11462 | Lair:2   | Killed Fannar
 11847 | Lair:2   | Noticed an alligator
 11862 | Lair:2   | Killed an alligator
 11874 | Lair:2   | Reached skill level 5 in Necromancy
 11955 | Lair:2   | Found a hole to the Spider Nest.
 12534 | Lair:2   | Found a staircase to the Swamp.
 13328 | D:11     | Noticed Sonja
 13339 | D:11     | Killed Sonja
 13657 | D:11     | Received a gift from Okawaru
 14103 | D:12     | Reached XP level 14. HP: 93/115 MP: 22/24
 14116 | D:12     | Reached skill level 6 in Shields
 14208 | D:12     | Found a runed translucent gate.
 14208 | D:12     | Found a runed translucent gate.
 14208 | D:12     | Found a runed translucent gate.
 14209 | D:12     | Noticed a tengu reaver
 14211 | D:12     | Noticed cdecastro's ghost (journeyman DEFE)
 14217 | D:12     | Noticed an orc warlord
 14220 | D:12     | Noticed Erolcha
 14236 | D:12     | Killed Erolcha
 14296 | D:12     | Received a gift from Okawaru
 14494 | D:12     | Reached skill level 10 in Invocations
 14920 | D:12     | Reached skill level 7 in Shields
 16187 | Orc:1    | Entered Level 1 of the Orcish Mines
 16223 | Orc:1    | Found a radiant altar of Vehumet.
 16360 | Orc:2    | Entered Level 2 of the Orcish Mines
 16432 | Orc:2    | Found a staircase to the Elven Halls.
 16698 | Orc:2    | Received a gift from Okawaru
 16703 | Orc:2    | Noticed a stone giant
 16710 | Orc:2    | Reached skill level 8 in Shields
 16718 | Orc:2    | Killed a stone giant
 17429 | Orc:2    | Received a gift from Okawaru
 17646 | Orc:2    | Reached XP level 15. HP: 66/121 MP: 25/25
 17953 | Orc:2    | Found Riatz's Armour Shop.
 17971 | Orc:2    | Found Refituep's Jewellery Shoppe.
 17973 | Orc:2    | Found Ysidat's Antique Weapon Shoppe.
 17993 | Orc:2    | Found Nept's General Store.
 18439 | Orc:1    | Reached skill level 9 in Shields
 18838 | Orc:2    | Bought the amulet of the Four Winds {rN+ Will+++ Clar} for
                  | 849 gold pieces
 18838 | Orc:2    | Found the amulet of the Four Winds {rN+ Will+++ Clar}
 19439 | Lair:3   | Received a gift from Okawaru
 20616 | Lair:4   | Found a staircase to the Slime Pits.
 20657 | Lair:4   | Received a gift from Okawaru
 20658 | Lair:4   | Reached skill level 10 in Shields
 21096 | Lair:5   | Entered Level 5 of the Lair of Beasts
 21742 | Lair:5   | Received a gift from Okawaru
 21849 | Lair:5   | Reached XP level 16. HP: 90/131 MP: 26/26
 22542 | Lair:5   | Reached skill level 11 in Shields
 22553 | Lair:5   | Received a gift from Okawaru
 24169 | D:13     | Received a gift from Okawaru
 24321 | D:13     | Reached ****** piety under Okawaru
 24324 | D:13     | Noticed Rupert
 24335 | D:13     | Killed Rupert
 24415 | D:13     | Reached skill level 12 in Shields
 24991 | D:14     | Noticed Urug
 24991 | D:14     | Found a gate to the Vaults.
 25002 | D:14     | Reached skill level 10 in Necromancy
 25003 | D:14     | Received a gift from Okawaru
 25004 | D:14     | Killed Urug
 25074 | D:14     | Found a gate leading to a gauntlet.
 25093 | Gauntlet | Entered a Gauntlet
 25093 | Gauntlet | Found a transporter.
 25093 | Gauntlet | Found a transporter.
 25093 | Gauntlet | Found a transporter.
 25095 | Gauntlet | Acquired the scarf "Kighelous" {repulsion, rPois}
 25095 | Gauntlet | Received a gift from Okawaru
 25102 | Gauntlet | Acquired a +2 heavy battleaxe
 25102 | Gauntlet | Received a gift from Okawaru
 25109 | Gauntlet | Found a transporter.
 25110 | Gauntlet | Found a transporter.
 25129 | Gauntlet | Found a transporter.
 25136 | Gauntlet | Found a transporter.
 25145 | Gauntlet | Found a transporter.
 25165 | Gauntlet | Found a transporter.
 25183 | Gauntlet | Found a transporter.
 25187 | Gauntlet | Found a transporter.
 25205 | Gauntlet | Found a transporter.
 25376 | Gauntlet | Identified the ring "Eceashri" {rN+ rCorr AC+4 Dex-2}
 25392 | Gauntlet | Reached XP level 17. HP: 122/140 MP: 24/27
 25542 | Gauntlet | Got Sif Muna's Spellbook of Conflict and Guile
 26229 | D:14     | Reached skill level 13 in Shields
 26564 | D:15     | Entered Level 15 of the Dungeon
 26591 | D:15     | Reached skill level 5 in Dodging
 27222 | D:15     | Found a staircase to the Depths.
 27766 | Elf:1    | Entered Level 1 of the Elven Halls
 27779 | Elf:1    | Received a gift from Okawaru
 28135 | Elf:1    | Reached skill level 15 in Fighting
 28302 | Elf:1    | Noticed a deep elf master archer
 28310 | Elf:1    | Killed a deep elf master archer
 28330 | Elf:1    | Received a gift from Okawaru
 28341 | Elf:1    | Reached skill level 14 in Shields
 29488 | Swamp:1  | Entered Level 1 of the Swamp
 29531 | Spider:1 | Entered Level 1 of the Spider Nest
 29699 | Spider:1 | HP: 7/142 [spark wasp (17)]
 30072 | Spider:1 | Received a gift from Okawaru
 30126 | Spider:1 | Got Sif Muna's Commentary on Heavy Feathers
 30140 | Spider:1 | Reached XP level 18. HP: 149/149 MP: 28/28
 30708 | Spider:1 | Identified the +3 bardiche of the Big Bang {speed, Fly}
 30782 | Spider:1 | Noticed Mlioglotl
 30788 | Spider:1 | Killed Mlioglotl
 30788 | Spider:1 | Received a gift from Okawaru
 31179 | Spider:1 | Reached skill level 15 in Axes
 31179 | Spider:1 | Reached skill level 15 in Shields
 31760 | Spider:2 | Received a gift from Okawaru
 33080 | Spider:3 | Noticed Roxanne
 33088 | Spider:3 | Killed Roxanne
 33177 | Spider:3 | Received a gift from Okawaru
 33240 | Spider:3 | Reached XP level 19. HP: 120/155 MP: 29/29
 33585 | Spider:3 | Identified the +2 robe "Bennai" {^Contam rF+ rN+ Str+3}
 33770 | Spider:4 | Entered Level 4 of the Spider Nest
 34361 | Spider:4 | Reached skill level 16 in Shields
 34419 | Spider:4 | Noticed Arachne
 34428 | Spider:4 | Killed Arachne
 34435 | Spider:4 | Received a gift from Okawaru
 34704 | Spider:4 | HP: 3/157 [ghost moth (11)]
 34704 | Spider:4 | Killed from afar by a meliai

Illustrated notes

Levels and vault maps discovered:
D:1:      lemuel_arrival_river_ford, layout_basic,
          wander_ebering_terrifying_dragon_lair
D:2:      layout_loops_corners, basic_altar, chequers_ecumenical_altar_simple
D:3:      layout_loops_ring, grunt_temple_overflow_open, uniq_robin
D:4:      wad_woods_tower, layout_cave_pools, uniq_grinder
D:5:      layout_cave_pools, minmay_temple_entry_arrows, uniq_duvessa
D:6:      layout_rooms
D:7:      layout_rooms, worldfamousw_hep_ancestral_shrine, nicolae_good_shop,
          uniq_jeremiah, uniq_pikel
D:8:      layout_rooms, nicolae_dithmenos_through_a_glass_darkly, serial_shops,
          shop
D:9:      layout_basic, mainiacjoe_overflow_catwalk, grunt_gozag_statues,
          grunt_lair_entry_orc_guard_hut, minmay_statues_item, uniq_harold
D:10:     layout_gridville, kennysheep_little_box, nicolae_ru_awakened_eye,
          jmf_multi_god_temple, makhleb_altar_promises_db, enter_bailey_3,
          amethyst_killhole, due_unseen_surprise, uniq_snorg
D:11:     layout_roguey, uniq_sonja
D:12:     minmay_s_stair_smasher, layout_basic, gammafunk_ghost_split,
          grunt_ministairs_7, uniq_erolcha
D:13:     minmay_octagon_keep, layout_basic, uniq_rupert
D:14:     layout_long_grid, david_vaults_3, gauntlet_entry_generic,
          kennysheep_small_circle
D:15:     grunt_enter_depths_magical_seal, layout_loops_ring,
          nicolae_cairo_tiling_very_big
Temple:   eino_wide_crystal_templ
Lair:1:   layout_long_grid, special_room [special_room_bee]
Lair:2:   layout_cave_pods, mainiacjoe_swamp_entry_lozenge_pond,
          nicolae_spider_entry_tight_spaces, grunt_megastairs_4, uniq_amaemon,
          uniq_fannar
Lair:3:   layout_misc_corridors, beast_lair_carwin_5,
          infiniplex_staircase_pool_2
Lair:4:   layout_roguey, slime_entry_1, chequers_serial_rivers_marsh,
          grunt_forest_large_clearing_hut
Lair:5:   grunt_lair_end_beastmaster, layout_hall_layers, grunt_megastairs_5,
          infiniplex_staircase_pool
Swamp:1:  gammafunk_mikee_crab_dinner, layout_basic_swamp,
          evilmike_swamp_ruin_house_4
Spider:1: nicolae_spider_hilbert_zone_1 [nicolae_spider_hilbert_4_sides_1_open,
          nicolae_spider_hilbert_4_sides_1_open,
          nicolae_spider_hilbert_4_sides_1_open,
          nicolae_spider_hilbert_4_sides_1_open,
          nicolae_spider_hilbert_3_sides_1_open,
          nicolae_spider_hilbert_3_sides_1_open,
          nicolae_spider_hilbert_3_sides_1_open,
          nicolae_spider_hilbert_3_sides_1_open,
          nicolae_spider_hilbert_3_sides_1_open,
          nicolae_spider_hilbert_6_sides_1_open,
          nicolae_spider_hilbert_6_sides_1_open,
          nicolae_spider_hilbert_3_sides_1_open,
          nicolae_spider_hilbert_3_sides_1_open,
          nicolae_spider_hilbert_3_sides_1_open,
          nicolae_spider_hilbert_3_sides_1_open,
          nicolae_spider_hilbert_2_sides_1_open], beargit_elvish_explorers,
          uniq_mlioglotl
Spider:2: layout_spider_delve, hive_lemuel
Spider:3: layout_spider_delve, uniq_roxanne
Spider:4: hellmonk_spider_rune_endless_swarm, uniq_arachne
Orc:1:    layout_caves, basic_altar
Orc:2:    hellmonk_orc_salted, layout_caves
Elf:1:    minmay_elf_arrival_circle, layout_onion_city, minivault_28,
          minmay_misc_feat_pillars

Skill      XL: |  1  2  3  4  5  6  7  8  9 10 11 12 13 14 15 16 17 18 19 |
---------------+----------------------------------------------------------+-----
Fighting       | 4 5 6 7 9 10 11 12 13 14 15 | 15.8
Armour         | 4 5 7 8 9 |  9.9
Shields        | 5 8 10 12 14 15 16 | 16.2
Throwing       | 2 3 4 5 6 7 9 |  9.7
Axes           | 3 4 5 6 7 8 9 10 11 12 13 14 15 | 15.8
Stealth        | 3 4 5 |  5.8
Invocations    | 2 5 6 7 9 10 11 12 | 12.8
Evocations     | 2 4 5 7 8 |  8.4
Dodging        | 2 4 6 8 |  8.9
Spellcasting   | 4 6 7 |  7.1
Necromancy     | 3 4 6 7 8 10 | 10.2

Action                     |  1- 3 |  4- 6 |  7- 9 | 10-12 | 13-15 | 16-18 | 19-21 || total
---------------------------+-------+-------+-------+-------+-------+-------+-------++-------
  Melee: War axe           |    79 |    74 |   166 |   456 |   357 |       |       ||  1132
         Executioner's axe |       |       |       |       |   403 |   843 |   185 ||  1431
         Hand axe          |       |       |       |       |    68 |    17 |       ||    85
         Broad axe         |       |       |       |       |       |    15 |       ||    15
  Throw: Javelin           |       |       |     2 |     2 |     3 |     4 |       ||    11
         Dart              |       |       |       |     2 |     1 |       |       ||     3
         Boomerang         |       |       |       |       |    21 |       |       ||    21
   Cast: Fugue of the Fall |       |       |       |     2 |    13 |    28 |     7 ||    50
 Invoke: Heroism           |       |       |       |    17 |    16 |    14 |     4 ||    51
         Finesse           |       |       |       |       |     1 |       |     1 ||     2
         Receive Weapon    |       |       |       |       |       |     1 |       ||     1
         Receive Armour    |       |       |       |       |       |     1 |       ||     1
Ability: Shaft Self        |       |       |     1 |       |       |       |       ||     1
         Dig               |       |       |       |     5 |       |     2 |       ||     7
  Evoke: Wand              |       |       |     4 |     2 |     2 |     3 |       ||    11
    Use: Scroll            |       |     3 |     1 |    18 |     9 |     5 |       ||    36
         Potion            |       |       |       |     4 |     4 |     1 |     2 ||    11
   Stab: Sleeping          |       |       |     3 |     6 |       |       |       ||     9
         Distracted        |       |       |       |     1 |       |       |       ||     1
         Invisible         |       |       |       |       |     3 |       |       ||     3
         Petrified         |       |       |       |       |       |     6 |       ||     6
 Armour: Scale mail        |    47 |    49 |       |       |       |       |       ||    96
         Robe              |       |     8 |   103 |   181 |       |       |       ||   292
         Chain mail        |       |       |       |   181 |   626 |   744 |    97 ||  1648
  Dodge: Dodged            |    40 |    32 |    74 |   305 |   327 |   364 |    74 ||  1216
         Repelled          |       |       |       |       |       |    14 |       ||    14
  Block: Buckler           |    25 |    20 |    53 |   158 |   148 |       |       ||   404
         Tower shield      |       |       |       |       |   260 |  1155 |   251 ||  1666
